 Dungeon Crawl Stone Soup version 0.21-a0-536-gdbbf329 (webtiles) character file.

4412 damezumari the Cleaver (level 10, -3/93 HPs)
             Began as a Minotaur Fighter on Dec 14, 2017.
             Was a Priest of Yredelemnul.
             Slain by an orc warlord
             ... wielding a +3 battleaxe of chopping
              (36 damage)
             ... in a bailey.
             The game lasted 00:26:50 (9339 turns).

damezumari the Cleaver (Minotaur Fighter)           Turns: 9339, Time: 00:26:51

Health: -3/93      AC: 15    Str: 27    XL:     10   Next: 14%
Magic:  8/10       EV: 13    Int:  6    God:    Yredelemnul [***...]
Gold:   387        SH:  0    Dex: 11    Spells: 9/9 levels left

rFire    . . .     SeeInvis +   y - +0 battleaxe
rCold    . . .     Gourm    .   (shield currently unavailable)
rNeg     . . .     Faith    .   C - +4 ring mail {MR+}
rPois    .         Spirit   .   (helmet restricted)
rElec    .         Reflect  .   (no cloak)
rCorr    .         Harm     .   (no gloves)
MR       +....                  v - +0 pair of boots
Stlth    +.........             (no amulet)
HPRegen  0.25/turn              t - +3 ring of protection
MPRegen  0.12/turn              E - ring of see invisible

@: mighty, invisible
A: retaliatory headbutt, horns 2
a: Recall Undead Slaves, Injury Mirror, Animate Dead, Renounce Religion


You were in a bailey.
You worshipped Yredelemnul.
Yredelemnul was most pleased with you.
You were very hungry.

You visited 2 branches of the dungeon, and saw 9 of its levels.
You also visited: Bailey.

You collected 387 gold pieces.

Inventory:

Hand Weapons
 y - a +0 battleaxe (weapon)
Armour
 v - a +0 pair of boots (worn)
 C - a +4 ring mail of magic resistance (worn)
 F - a +0 scale mail of magic resistance
Jewellery
 r - an uncursed ring of positive energy
 t - a +3 ring of protection (left hand)
 x - an uncursed ring of protection from cold
 E - a ring of see invisible (right hand)
Scrolls
 a - 3 scrolls of identify
 e - a scroll of fog
 g - 6 scrolls of teleportation
 h - a scroll of random uselessness
 j - 2 scrolls of enchant armour
 n - 5 scrolls of remove curse
 o - a scroll of blinking
 p - 3 scrolls of fear
 q - a scroll of amnesia
Potions
 c - 2 potions of resistance {unknown}
 d - 2 potions of might
 k - 2 potions of berserk rage
 m - 2 potions of agility
 w - 5 potions of curing
 B - a potion of haste
 D - a potion of mutation
 G - a potion of flight {unknown}
Books
 l - a book of Frost

   Spells                             Type                      Level
   a - Freeze                         Ice                          1
   b - Throw Frost                    Conjuration/Ice              2
   c - Ozocubu's Armour               Charms/Ice                   3
   d - Throw Icicle                   Conjuration/Ice              4
   e - Summon Ice Beast               Ice/Summoning                4
Comestibles
 f - 4 bread rations
 i - 5 meat rations
 z - a royal jelly
 A - a fruit


   Skills:
 - Level 10.0 Fighting
 + Level 10.2 Axes
 - Level 10.0 Armour
 - Level 5.3 Dodging
   Level 3.6 Shields
 + Level 1.4 Invocations


You had 9 spell levels left.
You didn't know any spells.

Dungeon Overview and Level Annotations

Branches:
Dungeon (8/15)             Temple (1/1) D:5
   Lair: D:8-11

Altars:
Ashenzari
Cheibriados
Dithmenos
Elyvilon
Fedhas
Gozag
Hepliaklqana
Kikubaaqudgha
Makhleb
Nemelex Xobeh
Okawaru
Qazlal
Ru
Sif Muna
Trog
Uskayaw
Vehumet
Wu Jian
Xom
Yredelemnul
Zin
The Shining One


Innate Abilities, Weirdness & Mutations

You reflexively headbutt those who attack you in melee.
You have a pair of horns on your head.


Message History

The orc warlord completely misses you.
You slice the orc warlord!!
The orc warrior no longer looks unusually strong.
The orc warlord barely misses you.
Danger x7: orc warlord, orc warrior x6!
You closely miss the orc warlord. Your headbutt misses the orc warlord.
All of the chunks of flesh in your inventory have rotted away.
You cut the orc warlord into ribbons!!! Your headbutt misses the orc warlord.
The orc warlord roars a battlecry!
The orc warrior goes into a battle-frenzy!
The orc warlord hits you with a battleaxe of chopping!!
* * * LOW HITPOINT WARNING * * *
x2 You take 25 damage, and have 15/93 hp.
MASSIVE DAMAGE!!
Danger x7: orc warlord, orc warrior x6!
You feel much better.
You regained 17 hp, and now have 32/93 hp.
You fade into invisibility!
The orc warlord hits you with a battleaxe of chopping!!!
You die...
Your body rises from the dead as a mindless zombie.

##.......##
#.........#
##.........##
#.....⌠.....#######
##.........##.....##
+........)).......#
##.......##)......##
#.......#.........#
##88@88##.........##
###o###.....⌠.....#


ogo ##.........## ooogg #.........# ...goo.##.......## .........#.......#
#.........##..)))## ...........####)## ##.....## You could see an orc warlord, 6
orc warriors, 2 gnolls, an orc, a hobgoblin and a goblin.

Vanquished Creatures
  2 two-headed ogres
  Menkaure (D:6)
  A porcupine (D:8)
  8 orc warriors
  3 ice beasts
  The ghost of teukkam the Poker, an amateur GnWn (D:4)
  2 phantoms
  An eye of draining (D:4)
  A necrophage (D:6)
  An ogre (D:4)
  A centaur (D:5)
  3 bullfrogs
  A scorpion (D:7)
  5 crimson imps
  A bullfrog zombie (D:5)
  A hound (D:4)
  A jelly (D:7)
  4 orc priests
  2 bullfrog skeletons
  3 orc wizards
  2 iguanas
  5 worker ants
  A hound zombie (D:8)
  A worker ant zombie (D:6)
  15 gnolls
  12 adders
  A shadow imp (D:5)
  2 oozes
  A worm (D:2)
  2 dart slugs
  5 leopard geckos
  40 orcs
  2 ball pythons (D:4)
  4 giant cockroaches
  22 goblins
  16 hobgoblins
  3 jackals
  5 quokkas
  4 bats
  2 frilled lizards
  8 kobolds
  A quokka skeleton (D:7)
  3 rats
200 creatures vanquished.

Vanquished Creatures (collateral kills)
  A leopard gecko (D:7)
  An orc (Bailey)
  A goblin (Bailey)
3 creatures vanquished.

Vanquished Creatures (others)
  A gnoll zombie (Bailey)
  3 hobgoblin zombies (Bailey)
4 creatures vanquished.

Grand Total: 207 creatures vanquished

Notes
Turn   | Place    | Note
-------+----------+-------------------------------------------
     0 | D:1      | damezumari the Minotaur Fighter began the quest for the Orb.
     0 | D:1      | Reached XP level 1. HP: 19/19 MP: 0/0
    52 | D:1      | Reached XP level 2. HP: 22/26 MP: 1/1
   744 | D:2      | Reached XP level 3. HP: 27/31 MP: 2/2
  1147 | D:2      | Reached skill level 5 in Axes
  1340 | D:2      | Reached XP level 4. HP: 33/39 MP: 3/3
  1760 | D:3      | Found an ancient bone altar of Kikubaaqudgha.
  2460 | D:3      | Reached XP level 5. HP: 44/45 MP: 4/4
  2887 | D:4      | Noticed teukkam's ghost (amateur GnWn)
  2901 | D:4      | Killed teukkam's ghost
  3229 | D:4      | Found an ornate altar of the Wu Jian Council.
  3232 | D:4      | Found a burning altar of Makhleb.
  3459 | D:4      | Noticed a phantom
  3475 | D:4      | Killed a phantom
  3475 | D:4      | Reached XP level 6. HP: 48/51 MP: 5/5
  4094 | D:4      | Reached XP level 7. HP: 41/57 MP: 0/6
  4387 | D:4      | Found a white marble altar of Elyvilon.
  4579 | D:5      | Entered Level 5 of the Dungeon
  4683 | D:5      | Reached skill level 10 in Axes
  4721 | D:5      | Reached skill level 1 in Dodging
  4919 | D:5      | Found a staircase to the Ecumenical Temple.
  4934 | Temple   | Entered the Ecumenical Temple
  5093 | Temple   | Became a worshipper of Yredelemnul the Dark
  5325 | D:5      | Found a hazy altar of Hepliaklqana.
  5370 | D:5      | Reached skill level 5 in Fighting
  5436 | D:5      | Reached XP level 8. HP: 61/69 MP: 7/7
  5741 | D:6      | Noticed Menkaure
  5751 | D:6      | Killed Menkaure
  5751 | D:6      | Reached skill level 5 in Armour
  6420 | D:6      | Reached * piety under Yredelemnul
  6838 | D:7      | Reached XP level 9. HP: 65/81 MP: 8/8
  7526 | D:7      | Noticed a two-headed ogre
  7535 | D:7      | Killed a two-headed ogre
  7535 | D:7      | Reached skill level 5 in Dodging
  7893 | D:7      | Reached ** piety under Yredelemnul
  8455 | D:8      | Found an opulent altar of Gozag.
  8646 | D:8      | Noticed a two-headed ogre
  8654 | D:8      | Reached skill level 10 in Fighting
  8660 | D:8      | Killed a two-headed ogre
  8697 | D:8      | Found a flagged portal.
  8714 | Bailey   | Entered a bailey
  8919 | Bailey   | Reached *** piety under Yredelemnul
  8938 | Bailey   | Reached XP level 10. HP: 63/93 MP: 9/9
  9073 | Bailey   | Reached skill level 10 in Armour
  9100 | Bailey   | Reached skill level 1 in Invocations
  9318 | Bailey   | Noticed an orc warlord
  9339 | Bailey   | Slain by an orc warlord

Vault maps used:
D:1:      minmay_arrival_doors, grunt_decor_clamped
D:3:      kennysheep_six_static_rooms, kiku_gazebo_pond_becter
D:4:      grunt_temple_overflow_open, first_bread, serial_glass,
          glass_columns_a, glass_columns_a, elyvilon_altar_3
D:5:      kennysheep_mini_moat, minmay_temple_entry_hall, grunt_decor_resistance
D:6:      uniq_menkaure
D:8:      grunt_gozag_breadcrumbs, grunt_lair_entry_orc_guard_hut,
          lightli_bailey_entry_fortress
Temple:   minmay_crystal_spiral_temple
Bailey:   bailey_axe_minmay_hex_keep, bailey

Skill      XL: |  1  2  3  4  5  6  7  8  9 10 |
---------------+-------------------------------+-----
Axes           | 3 4 5 6 8 9 10 | 10.2
Fighting       | 5 8 10 | 10.0
Dodging        | 2 4 5 |  5.3
Armour         | 4 6 9 10 | 10.0
Invocations    | 1 |  1.4
Shields        | |  3.6

Action                   |  1- 3 |  4- 6 |  7- 9 | 10-12 || total
-------------------------+-------+-------+-------+-------++-------
Melee: War axe           |    69 |   110 |   330 |    29 ||   538
       Headbutt          |     8 |    10 |    54 |     6 ||    78
       Battleaxe         |       |       |       |    16 ||    16
Invok: Animate Remains   |       |       |     5 |       ||     5
       Recall Undead Sla |       |       |     2 |       ||     2
       Animate Dead      |       |       |       |     4 ||     4
  Use: Potion            |       |     1 |     2 |     3 ||     6
       Scroll            |       |       |    18 |       ||    18
 Stab: Invisible         |       |       |     3 |       ||     3
  Eat: Chunk             |     1 |     7 |    14 |     2 ||    24
       Royal jelly       |       |     1 |       |       ||     1
       Fruit             |       |       |     3 |       ||     3
Armor: Scale mail        |    21 |    33 |    10 |       ||    64
       Ring mail         |       |       |    74 |     2 ||    76
Dodge: Dodged            |    20 |    21 |   102 |    15 ||   158
Block: Shield            |    29 |    48 |   122 |    11 ||   210

Table legend:
 A = Spawn XP
 B = Non-spawn XP
 C = Spawn XP percentage of total XP
 D = Spawn monster count
 E = Non-spawn monster count
 F = Spawn count percentage of total count
 G = Total turns spent on level
                    A         B        C        D         E        F      G
               +---------+---------+-------+---------+---------+-------+---------
         Total |       0 |    6303 |   0.0 |       0 |     203 |   0.0 |  9339
               +---------+---------+-------+---------+---------+-------+---------
           D:1 |       0 |      33 |   0.0 |       0 |      18 |   0.0 |   685
           D:2 |       0 |      77 |   0.0 |       0 |      15 |   0.0 |  1073
           D:3 |       0 |     109 |   0.0 |       0 |      27 |   0.0 |  1087
           D:4 |       0 |     642 |   0.0 |       0 |      17 |   0.0 |  1734
           D:5 |       0 |     696 |   0.0 |       0 |      14 |   0.0 |   936
           D:6 |       0 |     957 |   0.0 |       0 |      23 |   0.0 |  1033
           D:7 |       0 |    1470 |   0.0 |       0 |      31 |   0.0 |  1574
           D:8 |       0 |    1390 |   0.0 |       0 |      21 |   0.0 |   395
        Bailey |       0 |     929 |   0.0 |       0 |      37 |   0.0 |   625
               +---------+---------+-------+---------+---------+-------+---------
